 Dungeon Crawl Stone Soup version 0.22.1-1-ga44c0e56f4 (webtiles) character file.

761 Kohma the Shield-Bearer (level 7, -1/44 HPs)
             Began as a Gargoyle Fighter on Oct 15, 2018.
             Was a Believer of Cheibriados.
             Killed by divine providence
             ... invoked by an orc priest
              (13 damage)
             ... on level 5 of the Dungeon.
             The game lasted 00:13:25 (4260 turns).

Kohma the Shield-Bearer (Gargoyle Fighter)          Turns: 4260, Time: 00:13:26

Health: -1/44      AC: 14    Str: 25    XL:     7   Next: 80%
Magic:  7/7        EV:  8    Int: 13    God:    Cheibriados [**....]
Gold:   276        SH: 11    Dex: 13    Spells: 6/6 levels left

rFire    . . .     SeeInvis .   i - +2 mace (protect)
rCold    . . .     Gourm    .   c - +0 shield
rNeg     + . .     Faith    .   n - +3 scale mail
rPois    ∞         Spirit   .   (no helmet)
rElec    +         Reflect  .   (no cloak)
rCorr    +         Harm     .   (no gloves)
MR       .....                  (no boots)
Stlth    +.........             (no amulet)
HPRegen  0.14/turn              k - ring of resist corrosion
MPRegen  0.10/turn              q - ring of stealth

@: very slow
A: negative energy resistance 1, electricity resistance, unbreathing,
petrification resistance, rot immunity, AC +4
a: Bend Time, Renounce Religion


You were on level 5 of the Dungeon.
You worshipped Cheibriados.
Cheibriados was pleased with you.
You were not hungry.

You visited 1 branch of the dungeon, and saw 5 of its levels.

You collected 276 gold pieces.

Inventory:

Hand Weapons
 a - a +0 flail
 g - a +2 flail of crushing
 i - a +2 mace of protection (weapon)
 D - a +0 flail of protection
Missiles
 C - 2 throwing nets (quivered)
Armour
 c - a +0 shield (worn)
 n - a +3 scale mail (worn)
Jewellery
 k - a ring of resist corrosion (left hand)
 q - a ring of stealth (right hand)
 y - an uncursed ring of positive energy {unknown}
Wands
 u - a wand of polymorph (15)
Scrolls
 b - a scroll of teleportation {unknown}
 e - a scroll of magic mapping
 j - a scroll of fear {unknown}
 m - a scroll of blinking
 p - a scroll of amnesia
 A - a scroll of enchant weapon {unknown}
 B - a scroll of immolation {unknown}
Potions
 d - 3 potions of might
 h - a potion of invisibility
 l - a potion of ambrosia {unknown}
 o - 2 potions of heal wounds {unknown}
 s - 3 potions of brilliance
 t - a potion of cancellation {unknown}
 v - a potion of flight {unknown}
 w - a potion of curing
 x - a potion of mutation {unknown}
 z - a potion of haste {unknown}
Comestibles
 f - 11 rations
 r - 7 chunks of flesh


   Skills:
 + Level 5.2 Fighting
 * Level 5.6 Maces & Flails
 - Level 3.2 Armour
 * Level 6.7 Shields


You had 6 spell levels left.
You didn't know any spells.
Your spell library contained the following spells:

 Spells                   Type           Power        Failure   Level  Hunger
 Corona                   Hex            #......      91%         1    ##.....
 Flame Tongue             Conj/Fire      #....        91%         1    ##.....
 Ensorcelled Hibernation  Hex/Ice        #.....       97%         2    ###....
 Throw Flame              Conj/Fire      #.....       97%         2    ###....
 Confuse                  Hex            #.......     99%         3    ####...
 Conjure Flame            Conj/Fire      #.......     99%         3    ####...
 Dazzling Spray           Conj/Hex       #.....       99%         3    ####...
 Inner Flame              Hex/Fire       #.......     99%         3    ####...
 Tukima's Dance           Hex            #.......     99%         3    ####...
 Sticky Flame             Conj/Fire      #.......     100%        4    #####..
 Fireball                 Conj/Fire      #.........   100%        5    ######.


Dungeon Overview and Level Annotations

Branches:
Dungeon (5/15)
 Temple: D:4-7

Altars:
Cheibriados
Elyvilon
Nemelex Xobeh
Trog
Uskayaw
Vehumet
Wu Jian
The Shining One

Annotations:
D:5 1 runed door, Kaderl's ghost, novice HuFi


Innate Abilities, Weirdness & Mutations

You are resistant to torment.
Your stone body is resilient. (AC +4)
You are immune to poison.
You resist negative energy. (rN+)
You are resistant to electric shocks. (rElec)
You can survive without breathing.
You are immune to petrification.
You are immune to rotting.


Message History

The orc priest hits you but does no damage.
The orc wizard gestures at you while chanting.
The magic dart hits you! You block the orc priest's attack.
You closely miss the orc wizard.
The orc wizard is lightly wounded.
The orc hits you. You block the orc wizard's attack.
You block the orc's attack.
The orc wizard hits you but does no damage.
The orc priest calls down the wrath of Beogh upon you.
Beogh smites you! You block the orc's attack.
The orc priest invokes the aid of Beogh against you.
Beogh smites you!
* * * LOW HITPOINT WARNING * * *
You block the orc's attack.
The orc wizard casts a spell.
The orc wizard blinks!
You block the orc's attack. You block the orc's attack.
The orc priest invokes the aid of Beogh against you.
Beogh smites you!
You die...

#..............# ....
##.#.......###'###
#.....#####.#.####.........
#........##.#.# ##.#.......
#.............. ...........
#.......##.#.# ##.........
...........#.# ##........
#.###...oo####.## #.........
........ooo@....###.#.......
##...§J####..##..#.......
##....# #..##.##.......
###### #..##.####'#..<
#..##.###..#.##
#..##.##...#.##
#......##+##...
#.###.##§KW#### #.###.##§§§#


You could see a jelly, an orc priest, an orc wizard and 3 orcs.

Vanquished Creatures
  A howler monkey (D:5)
  2 crimson imps (D:5)
  A hound (D:4)
  2 orc priests (D:4)
  5 orc wizards
  5 worker ants (D:4)
  Natasha (thrice) (D:2 D:3)
  A hound skeleton (D:4)
  4 gnolls (D:2)
  7 adders
  An adder zombie (D:5)
  3 worms (D:3)
  3 dart slugs
  A leopard gecko (D:5)
  19 orcs
  7 bats
  5 giant cockroaches
  6 goblins
  7 hobgoblins
  6 jackals
  2 quokkas
  A ball python (D:5)
  4 frilled lizards
  4 kobolds
  5 rats
105 creatures vanquished.

Notes
Turn   | Place    | Note
-------+----------+-------------------------------------------
     0 | D:1      | Kohma the Gargoyle Fighter began the quest for the Orb.
     0 | D:1      | Reached XP level 1. HP: 14/14 MP: 1/1
   141 | D:1      | You fall through a shaft!
   230 | D:2      | Reached XP level 2. HP: 15/19 MP: 2/2
   502 | D:1      | Reached XP level 3. HP: 23/23 MP: 3/3
  1067 | D:2      | Reached skill level 4 in Shields
  1126 | D:2      | Reached XP level 4. HP: 29/29 MP: 4/4
  1303 | D:2      | Noticed Natasha
  1311 | D:2      | Killed Natasha
  1524 | D:2      | Noticed Natasha
  1531 | D:2      | Killed Natasha
  1531 | D:2      | Reached XP level 5. HP: 18/33 MP: 5/5
  2678 | D:3      | Noticed Natasha
  2690 | D:3      | Killed Natasha
  2690 | D:3      | Reached skill level 5 in Shields
  2963 | D:3      | Found a radiant altar of Vehumet.
  2965 | D:3      | Found a glowing golden altar of the Shining One.
  3019 | D:3      | Found a hide-covered altar of Uskayaw.
  3250 | D:4      | Found a white marble altar of Elyvilon.
  3252 | D:4      | Found a sparkling altar of Nemelex Xobeh.
  3253 | D:4      | Found a bloodstained altar of Trog.
  3254 | D:4      | Found an ornate altar of the Wu Jian Council.
  3255 | D:4      | Found a snail-covered altar of Cheibriados.
  3278 | D:4      | Reached XP level 6. HP: 37/38 MP: 6/6
  3282 | D:4      | Became a worshipper of Cheibriados the Contemplative
  3664 | D:4      | Reached * piety under Cheibriados
  3677 | D:4      | Reached XP level 7. HP: 40/44 MP: 7/7
  3681 | D:4      | Reached skill level 6 in Shields
  3810 | D:4      | Reached skill level 5 in Maces & Flails
  3837 | D:5      | Entered Level 5 of the Dungeon
  3982 | D:5      | Reached skill level 5 in Fighting
  4018 | D:5      | Reached ** piety under Cheibriados
  4194 | D:5      | Found a runed door.
  4194 | D:5      | Noticed Kaderl's ghost (novice HuFi)
  4260 | D:5      | Killed from afar by an orc priest

Skill      XL: |  1  2  3  4  5  6  7 |
---------------+----------------------+-----
Shields        | 4 5 6 |  6.7
Maces & Flails | 3 4 5 |  5.6
Fighting       | 4 5 |  5.2
Armour         | |  3.2

Action                   |  1- 3 |  4- 6 |  7- 9 || total
-------------------------+-------+-------+-------++-------
Melee: Mace              |    87 |   206 |   112 ||   405
  Use: Scroll            |       |     7 |       ||     7
  Eat: Chunk             |     1 |     4 |     2 ||     7
       Ration            |       |     1 |       ||     1
Armor: Scale mail        |    46 |   131 |    76 ||   253
Dodge: Dodged            |    35 |    60 |    54 ||   149
Block: Shield            |    45 |   109 |    77 ||   231
